 Dungeon Crawl Stone Soup version 0.22.1-2-g9c5b331 (webtiles) character file.

25 lysyklops the Shooter (level 2, 10/25 HPs)
             Began as a Centaur Hunter on Dec 20, 2018.
             Quit the game on level 1 of the Dungeon.
             The game lasted 00:02:55 (769 turns).

lysyklops the Shooter (Centaur Hunter)               Turns: 769, Time: 00:02:56

Health: 10/25      AC:  4    Str: 14    XL:     2   Next: 82%
Magic:  2/2        EV:  9    Int: 10    God:
Gold:   52         SH:  0    Dex:  9    Spells: 1/1 levels left

rFire    . . .     SeeInvis .   a - +1 shortbow
rCold    . . .     Gourm    .   (shield currently unavailable)
rNeg     . . .     Faith    .   c - +0 leather armour
rPois    .         Spirit   .   (no helmet)
rElec    .         Reflect  .   (no cloak)
rCorr    .         Harm     .   (no gloves)
MR       .....                  (no barding)
Stlth    +.........             (no amulet)
HPRegen  0.08/turn              (no ring)
MPRegen  0.08/turn              (no ring)

@: seriously poisoned (10 -> 3), very quick
A: large, hooves 3, deformed body, speed 2, tough skin 3
a: no special abilities


You were on level 1 of the Dungeon.
You were not hungry.

You visited 1 branch of the dungeon, and saw 2 of its levels.

You collected 52 gold pieces.

Inventory:

Hand Weapons
 a - a +1 shortbow (weapon)
 b - a +0 short sword
Missiles
 d - 33 arrows (quivered)
Armour
 c - a +0 leather armour (worn)
Scrolls
 e - a scroll of amnesia {unknown}
 g - 2 scrolls of identify {unknown}
 h - a scroll of random uselessness {unknown}
 i - a scroll of teleportation {unknown}
 j - 3 scrolls of remove curse {unknown}
Comestibles
 f - 3 rations


   Skills:
 + Level 2.5 Fighting
 + Level 5.7 Bows
 + Level 1.8 Dodging
 - Level 0.4 Stealth


You had one spell level left.
You didn't know any spells.
Your spell library was empty.

Dungeon Overview and Level Annotations

Branches:
Dungeon (2/15)

Altars:
Makhleb


Innate Abilities, Weirdness & Mutations

You have hooves in place of feet.
Armour fits poorly on your strangely shaped body.
You cover ground very quickly.
You have extremely tough skin. (AC +3)


Message History

Aim: an adder (lightly wounded)
You shoot an arrow. The arrow misses the adder.
You feel sick. The adder bites you but does no damage.
The adder barely misses you.
Firing (i - inventory)
d - 35 arrows (quivered)
Press: ? - help, Shift-Dir - straight line, f/p - adder
Aim: an adder (lightly wounded)
You shoot an arrow. The arrow closely misses the adder.
The adder bites you.
You are more poisoned.
The adder poisons you!
Firing (i - inventory)
d - 34 arrows (quivered)
Press: ? - help, Shift-Dir - straight line, f/p - adder
Aim: an adder (lightly wounded)
You shoot an arrow. The arrow closely misses the adder.
You feel sick. The adder bites you.
You are too injured to fight recklessly!
You are too injured to fight recklessly!
You are too injured to fight recklessly!
You are too injured to fight recklessly!
Unknown command.
Are you sure you want to abandon this character and quit the game? (Confirm

#.##.# #...............# ##
#.##.# #........(##....#########.
#.##.###.........####.........##.
#.##.[##.........# ###.####.##..
..###.##.........# #...)......
.## #.##.........#########.......
.# #..#...........#........###.#
)# ##..#####.#.S....#####.###..#
.# ##..# #...@#..## #..# #..# .#
##.####...###..####(####... .#
#......#.####.#...(# #..#. .#
##..##.#..###....#####.##. .#
#...##.##..####..####..... .#
#####...##.###..###.......#.## .#
#.....#....####.#.....(.##..#
.###....####...#.....#.###.##.##
...รท....####.#.#.#.##..# #..#.#


You could see an adder.

Vanquished Creatures
  A dart slug (D:1)
  A leopard gecko (D:1)
  A ball python (D:1)
  3 bats (D:1)
  A giant cockroach (D:1)
  2 goblins
  A hobgoblin (D:1)
  5 frilled lizards (D:1)
  2 kobolds (D:1)
  7 rats
24 creatures vanquished.

Notes
Turn   | Place    | Note
-------+----------+-------------------------------------------
     0 | D:1      | lysyklops the Centaur Hunter began the quest for the Orb.
     0 | D:1      | Reached XP level 1. HP: 17/17 MP: 1/1
   127 | D:1      | Reached XP level 2. HP: 24/24 MP: 2/2
   689 | D:2      | Found a burning altar of Makhleb.
   769 | D:1      | Quit the game

Action                   || total
-------------------------++-------
 Fire: Shortbow          ||    79
Armor: Leather armour    ||    22
Dodge: Dodged            ||    12
